 Dungeon Crawl Stone Soup version 0.23-a0-375-g66a18ee (webtiles) character file.

60 George the Slasher (level 3, -1/27 HPs)
             Began as a Demonspawn Gladiator on Oct 26, 2018.
             Succumbed to a worker ant's poison
             ... on level 2 of the Dungeon.
             The game lasted 00:01:36 (1472 turns).

George the Slasher (Demonspawn Gladiator)           Turns: 1472, Time: 00:01:36

Health: -1/27      AC:  7    Str: 13 (15) XL:     3   Next: 80%
Magic:  1/3        EV:  9    Int: 12 (14) God:
Gold:   121        SH:  0    Dex: 12 (14) Spells: 2/2 levels left

rFire    . . .     SeeInvis .   a - +0 long sword
rCold    . . .     Gourm    .   (no shield)
rNeg     . . .     Faith    .   h - +0 scale mail
rPois    .         Spirit   +   c - +0 helmet
rElec    .         Reflect  .   (no cloak)
rCorr    .         Harm     .   (no gloves)
MR       .....                  (no boots)
Stlth    ..........             (no amulet)
HPRegen  0.09/turn              (no ring)
MPRegen  0.08/turn              (no ring)

@: brilliant, lethally poisoned (-1 -> -31)
A: claws 1, magic shield
a: no special abilities


You were on level 2 of the Dungeon.
You were not hungry.

You visited 1 branch of the dungeon, and saw 2 of its levels.

You collected 121 gold pieces.

Inventory:

Hand Weapons
 a - a +0 long sword (weapon)
Missiles
 d - 3 throwing nets
 m - 7 poisoned tomahawks (quivered)
Armour
 c - a +0 helmet (worn)
 h - a +0 scale mail (worn)
Scrolls
 b - 2 scrolls of enchant armour {unknown}
 g - a scroll of immolation {unknown}
 i - 2 scrolls of identify {unknown}
 j - a scroll of remove curse {unknown}
 k - 2 scrolls of magic mapping {unknown}
 l - a scroll of teleportation {unknown}
 o - a scroll of fear {unknown}
 p - a scroll of noise {unknown}
Potions
 e - a potion of brilliance
 q - a potion of haste {unknown}
Comestibles
 f - 7 rations


   Skills:
 - Level 2.0 Fighting
 + Level 4.3 Long Blades
 - Level 1.7 Throwing
 - Level 2.6 Dodging


You had 2 spell levels left.
You didn't know any spells.
Your spell library was empty.

Dungeon Overview and Level Annotations

Branches:
Dungeon (2/15)

Altars:


Innate Abilities, Weirdness & Mutations

You have sharp fingernails.
When hurt, damage is shared between your health and your magic reserves.


Message History

You are more poisoned.
The worker ant poisons you!
The worker ant bites you but does no damage.
You barely miss the worker ant.
The worker ant is almost dead.
* * * LOW HITPOINT WARNING * * *
You feel sick.
The worker ant bites you but does no damage.
It was a potion of brilliance.
You feel clever all of a sudden.
* * * LOW HITPOINT WARNING * * *
You feel sick. The worker ant bites you.
* * * LOW HITPOINT WARNING * * *
You are more poisoned.
The worker ant poisons you!
Okay, then.
It was a potion of degeneration.
There was something very wrong with that liquid.
You feel weakened.
You feel dopey.
You feel clumsy.
You die...

# # #. .# #.### .#
#...##.# #.#....##### ..
#..(a....... ..
###...@.#### .###+
+.....#.#..# .... .
##...%#.#..######.#
#.##.##.#.#..##.(...#
#.........#...#.....####
...........#...........#
...................###.#
.......)....#.#....#
#.##
............#.###..#
#...


You could see a worker ant.

Vanquished Creatures
  An adder (D:2)
  3 oozes
  A dart slug (D:1)
  A leopard gecko (D:2)
  A giant cockroach (D:1)
  4 hobgoblins
  4 jackals (D:1)
  A ball python (D:1)
  2 bats
  A frilled lizard (D:1)
  5 goblins
  6 kobolds
  6 rats
36 creatures vanquished.

Notes
Turn   | Place    | Note
-------+----------+-------------------------------------------
     0 | D:1      | George the Demonspawn Gladiator began the quest for the
                  | Orb.
     0 | D:1      | Reached XP level 1. HP: 16/16 MP: 1/1
    48 | D:1      | Reached skill level 3 in Long Blades
   224 | D:1      | Gained mutation: You have sharp fingernails. [demonic
                  | ancestry]
   224 | D:1      | Reached XP level 2. HP: 22/22 MP: 2/2
   556 | D:1      | Gained mutation: When hurt, damage is shared between your
                  | health and your magic reserves. [demonic ancestry]
   556 | D:1      | Reached XP level 3. HP: 23/27 MP: 3/3
   830 | D:2      | Reached skill level 4 in Long Blades
  1471 | D:2      | HP: 1/27 [worker ant (4)]
  1472 | D:2      | Succumbed to a worker ant's poison

Vault maps used:
D:1:      giann_wishing_wells
D:2:      lemuel_doored_altar, first_ration

Skill      XL: |  1  2  3 |
---------------+----------+-----
Long Blades    | 3 4 |  4.3
Fighting       | |  2.0
Throwing       | |  1.7
Dodging        | |  2.6

Action                   || total
-------------------------++-------
Melee: Long sword        ||   105
  Use: Potion            ||     2
  Eat: Chunk             ||     2
Armor: Leather armour    ||     5
       Scale mail        ||    50
Dodge: Dodged            ||    66
       Rpst.: Long sword ||    22

Table legend:
 A = Non-vault XP
 B = Vault XP
 C = Vault XP percentage of total XP
 D = Non-vault monster count
 E = Vault monster count
 F = Vault count percentage of total count
                 A         B        C        D         E       F
            +---------+---------+-------+---------+---------+-------
      Total |      86 |       0 |   0.0 |      36 |       0 |   0.0
            +---------+---------+-------+---------+---------+-------
        D:1 |      50 |       0 |   0.0 |      24 |       0 |   0.0
        D:2 |      36 |       0 |   0.0 |      12 |       0 |   0.0
            +---------+---------+-------+---------+---------+-------
